 Dungeon Crawl Stone Soup version 0.30-a0-424-g7412bad402 (webtiles) character file.

Game seed: 4386255801622709792

819 ytrimaz the Cleaver (level 8, -1/63 HPs)
             Began as a Meteoran Fighter on Dec 9, 2022.
             Slain by a water moccasin (5 damage)
             ... on level 6 of the Dungeon.
             The game lasted 00:06:14 (3178 turns).

ytrimaz the Cleaver (Meteoran Fighter)              Turns: 3178, Time: 00:06:15

Health: -1/63      AC:  4    Str: 20    XL:     8   Next: 39%
Magic:  9/9        EV: 10    Int: 10    God:
Gold:   144        SH:  5    Dex: 13    Spells: 7/7 levels left

rFire   . . .      SeeInvis .    a - +0 war axe (vamp)
rCold   . . .      Faith    .    c - +0 buckler
rNeg    . . .      Spirit   .    g - +0 troll leather armour {Pargi}
rPois   .          Reflect  .    (no helmet)
rElec   .          Harm     .    (no cloak)
rCorr   .          Rampage  .    (no gloves)
Will    +....                    (no boots)
Stlth   +.........               (no amulet)
HPRegen 1.10/turn                (no ring)
MPRegen 0.11/turn                (no ring)

@: lethally poisoned (-1 -> -5), glowing
A: sense surroundings 1, otherworldly, glowing, explore regen
a: no special abilities


You were on level 6 of the Dungeon.
You visited 1 branch of the dungeon, and saw 6 of its levels.
You also visited: Ossuary.

You collected 244 gold pieces.
You spent 100 gold pieces at shops.


Innate Abilities, Weirdness & Mutations

You passively map a small area around you.
You are easily found by Zot.
You glow in the dark.
You regain HP and MP as you explore.


   Skills:
 - Level 3.2 Fighting
 + Level 9.5 Axes
 - Level 3.6 Armour
 - Level 6.0 Shields


You had 7 spell levels left.
You didn't know any spells.
Your spell library contained the following spells:

 Spells                   Type           Power      Damage    Failure   Level
 Beastly Appendage        Tmut           0%         N/A       50%         1
 Summon Small Mammal      Summ           0%         N/A       50%         1
 Wereblood                Tmut           0%         N/A       63%         2
 Call Canine Familiar     Summ           0%         N/A       86%         3
 Portal Projectile        Hex/Tloc       0%         N/A       86%         3
 Spider Form              Tmut/Pois      0%         N/A       86%         3
 Summon Guardian Golem    Hex/Summ       0%         N/A       86%         3
 Tukima's Dance           Hex            0%         N/A       86%         3
 Animate Armour           Summ/Erth      0%         N/A       99%         4
 Blade Hands              Tmut           0%         N/A       100%        5
 Iron Shot                Conj/Erth      0%         9d1       100%        6

Inventory:

Hand Weapons
 a - a +0 vampiric war axe (weapon)
Armour
 b - a +0 scale mail
 c - a +0 buckler (worn)
 f - a +2 kite shield
   (You found it on level 2 of the Dungeon)
 g - a +0 troll leather armour (worn) {Pargi}
   (You found it on level 3 of the Dungeon)
Wands
 j - a wand of iceblast (4)
   (You found it on level 2 of the Dungeon)
Scrolls
 l - a scroll of silence {unknown}
 n - a scroll of enchant armour {unknown}
 o - 4 scrolls of identify
 p - 2 scrolls of poison {unknown}
 q - a scroll of teleportation {unknown}
 s - a scroll of magic mapping {unknown}
 t - 2 scrolls of amnesia {unknown}
 u - a scroll of butterflies {unknown}
Potions
 d - 2 potions of might
 e - 2 potions of curing
 h - 2 potions of brilliance
 i - 2 potions of heal wounds
 k - 2 potions of flight
 m - a potion of attraction
 r - a potion of cancellation
 v - a potion of haste
 w - a potion of berserk rage {unknown}
 x - a potion of lignification {unknown}

Dungeon Overview and Level Annotations

Branches:
Dungeon (6/15) Zot: 536   Ossuary (visited)
 Temple: D:4-7

Altars:
Kikubaaqudgha
Qazlal
Uskayaw
Yredelemnul

Shops:
D:5

! #####.......>.....##
* ,,
#..............>### +
*#............##...#
#........###.####..#
#.........###......##
#.....#.............#
....#................#
##..####...#..........
, .... #..@....... , ,
##......S......! *
#...##.......... *...
#.......... * , #
#..........
,l.......... ,
*###......... * *
.......... ,


You could see a water moccasin and an iguana (wandering).


Message History

Unknown command.
You closely miss the bullfrog. You slash the water moccasin!
You feel better.
The bullfrog hits you but does no damage.
The water moccasin bites you! The bullfrog misses you. 😕 HP[-2]
You take 2 damage, and now have 53/63 hp.
You closely miss the bullfrog. You closely miss the water moccasin.
You block the water moccasin's attack. The bullfrog hits you!
The water moccasin bites you.
You are poisoned.
The water moccasin poisons you!
The bullfrog hits you but does no damage. 😮 HP[-10]
You take 10 damage, and now have 43/63 hp.
You closely miss the water moccasin. You closely miss the bullfrog.
You feel very sick. You block the bullfrog's attack.
The water moccasin barely misses you.
The water moccasin bites you but does no damage.
The bullfrog hits you but does no damage. 😮 HP[-3]
You take 3 damage, and now have 40/63 hp.
You are too injured to fight recklessly!
Unknown command.
You are too injured to fight recklessly!
You hit the bullfrog.
You feel better.
You barely miss the water moccasin.
You feel very sick. The bullfrog hits you.
The water moccasin closely misses you. 😮 HP[-6]
You take 6 damage, and now have 34/63 hp.
You are too injured to fight recklessly!
You hit the bullfrog.
You kill the bullfrog!
You miss the water moccasin.
You feel sick. The water moccasin bites you.
* * * LOW HITPOINT WARNING * * *
The water moccasin bites you.
* * * LOW HITPOINT WARNING * * *
Unknown command. 😨 HP[-5]
You take 5 damage, and now have 29/63 hp.
You are too injured to fight recklessly!
You hit the water moccasin but do no damage.
You feel sick. The water moccasin bites you!
* * * LOW HITPOINT WARNING * * *
You are more poisoned.
The water moccasin poisons you! 😨 HP[-8]
You take 8 damage, and now have 21/63 hp.
You closely miss the water moccasin.
You feel very sick. You block the water moccasin's attack.
The water moccasin closely misses you. 😨 HP[-4]
You take 4 damage, and now have 17/63 hp.
You are too injured to fight recklessly!
You miss the water moccasin.
You feel very sick.
The water moccasin barely misses you. 😱 HP[-4]
You take 4 damage, and now have 13/63 hp.
You hit the water moccasin but do no damage.
You feel very sick.
The water moccasin bites you but does no damage.
The water moccasin barely misses you. 😱 HP[-2]
You take 2 damage, and now have 11/63 hp.
You closely miss the water moccasin.
You feel sick.
The water moccasin bites you but does no damage. 😱 HP[-1]
You take 1 damage, and now have 10/63 hp.
Unknown command.
You feel much better.
You feel sick.
The water moccasin closely misses you. 😮 HP[+23]
You regained 23 hp, and now have 33/63 hp.
You hit the water moccasin but do no damage.
You feel sick. You block the water moccasin's attack.
The water moccasin bites you.
* * * LOW HITPOINT WARNING * * *
😨 HP[-7]
You take 7 damage, and now have 26/63 hp.
You completely miss the water moccasin.
You feel sick. The water moccasin barely misses you.
You barely miss the water moccasin.
You feel sick. The water moccasin bites you.
* * * LOW HITPOINT WARNING * * *
You are more poisoned.
The water moccasin poisons you! The water moccasin bites you.
* * * LOW HITPOINT WARNING * * *
😨 HP[-8]
You take 8 damage, and now have 18/63 hp.
You barely miss the water moccasin.
You feel very sick.
The water moccasin barely misses you. 😱 HP[-4]
You take 4 damage, and now have 14/63 hp.
You barely miss the water moccasin.
You feel very sick. The water moccasin bites you!
* * * LOW HITPOINT WARNING * * *
An iguana comes into view.
The water moccasin bites you.
You die...

Skill      XL: |  1  2  3  4  5  6  7  8 |
---------------+-------------------------+-----
Shields        | 4 5 6 |  6.0
Axes           | 3 5 6 8 9 |  9.5
Fighting       | |  3.2
Armour         | |  3.6

Action                   |  1- 3 |  4- 6 |  7- 9 || total
-------------------------+-------+-------+-------++-------
Melee: War axe           |    72 |   145 |   192 ||   409
  Use: Scroll            |     2 |     4 |     2 ||     8
       Potion            |       |     1 |     3 ||     4
Armor: Scale mail        |    41 |    37 |       ||    78
       Troll leather arm |       |    28 |    57 ||    85
Dodge: Dodged            |    29 |    65 |    77 ||   171
Block: Buckler           |    16 |    44 |    46 ||   106

Levels and vault maps discovered:
D:1:      eino_arrival_cavern_b, layout_basic, hex_intersection
D:2:      layout_basic, basic_altar, minmay_misc_feat_enclosed,
          hangedman_decor_lopped, minmay_pentomino_w2
D:3:      layout_basic, nicolae_qazlal_style_of_elements,
          basic_ecumenical_altar, eino_tiny_chamber, uniq_pargi
D:4:      layout_cave_pods, gup_ossuary_entry_pyramid, minmay_misc_feat_alley
D:5:      layout_basic, makhleb_altar_promises_db, nicolae_uskayaw_suspiria,
          nicolae_overflow_crystal_walls, serial_shops, shop,
          uniq_blork_the_orc, uniq_duvessa
D:6:      layout_rooms, lemuel_mausoleum_altar_kikubaaqudgha,
          chequers_serial_rivers_marsh

Notes
Turn   | Place    | Note
-------+----------+-------------------------------------------
     0 | D:1      | ytrimaz the Meteoran Fighter began the quest for the Orb.
     0 | D:1      | Reached XP level 1. HP: 19/19 MP: 2/2
     0 | D:1      | magus.rc [v1.9.6]
    54 | D:1      | Reached XP level 2. HP: 17/26 MP: 3/3
   110 | D:1      | Reached skill level 4 in Shields
   119 | D:1      | Reached skill level 3 in Axes
   280 | D:1      | Reached XP level 3. HP: 31/31 MP: 4/4
   477 | D:1      | Glimpsed the power of Zot.
   606 | D:2      | Found an ancient bone altar of Kikubaaqudgha.
   706 | D:2      | Reached XP level 4. HP: 38/38 MP: 5/5
   897 | D:2      | Reached skill level 4 in Axes
   965 | D:2      | You pick up a book of Weapons and begin reading...
   965 | D:2      | You add the spells Tukima's Dance, Portal Projectile and
                  | Blade Hands to your library.
   977 | D:2      | You pick up a book of Callings and begin reading...
   977 | D:2      | You add the spells Summon Small Mammal, Call Canine
                  | Familiar and Summon Guardian Golem to your library.
  1103 | D:3      | Noticed a water elemental
  1107 | D:3      | Noticed an air elemental
  1111 | D:3      | Found a stormy altar of Qazlal.
  1112 | D:3      | Noticed a fire elemental
  1112 | D:3      | Noticed an earth elemental
  1122 | D:3      | You pick up a book of Changes and begin reading...
  1122 | D:3      | You add the spells Beastly Appendage, Wereblood and Spider
                  | Form to your library.
  1133 | D:3      | Reached skill level 5 in Shields
  1137 | D:3      | Noticed Pargi
  1148 | D:3      | Killed Pargi
  1149 | D:3      | Reached skill level 5 in Axes
  1149 | D:3      | Reached XP level 5. HP: 19/45 MP: 6/6
  1149 | D:3      | Reached XP level 6. HP: 21/51 MP: 7/7
  1687 | D:4      | HP: 11/51 [something (2)]
  1696 | D:4      | Reached skill level 6 in Shields
  1941 | D:4      | Reached skill level 6 in Axes
  1965 | D:4      | Found a sand-covered staircase.
  1973 | D:4      | Reached XP level 7. HP: 53/57 MP: 8/8
  1976 | Ossuary  | Entered an ossuary
  2242 | D:4      | HP: 13/57 [poisoned by a scorpion]
  2243 | D:4      | Reached skill level 7 in Axes
  2425 | D:4      | Glimpsed the power of Zot.
  2473 | D:5      | Entered Level 5 of the Dungeon
  2572 | D:5      | Found a basalt altar of Yredelemnul.
  2647 | D:5      | Reached skill level 8 in Axes
  2648 | D:5      | Reached XP level 8. HP: 43/63 MP: 9/9
  2672 | D:5      | Noticed Blork the orc
  2693 | D:5      | Killed Blork the orc
  2736 | D:5      | Reached skill level 9 in Axes
  2774 | D:5      | Found Lyakh's Distillery.
  2779 | D:5      | Bought a potion of haste for 100 gold pieces
  2933 | D:5      | You pick up a book of Iron and begin reading...
  2933 | D:5      | You add the spells Animate Armour and Iron Shot to your
                  | library.
  2967 | D:5      | Found a hide-covered altar of Uskayaw.
  3016 | D:5      | Glimpsed the power of Zot.
  3066 | D:5      | Glimpsed the power of Zot.
  3170 | D:6      | HP: 13/63 [poisoned by a water moccasin]
  3177 | D:6      | HP: 14/63 [poisoned by a water moccasin]
  3178 | D:6      | HP: 4/63 [water moccasin (7)]
  3178 | D:6      | Slain by a water moccasin

Vanquished Creatures
  Pargi (D:3)
  Blork the orc (D:5)
  A bullfrog (D:6)
  3 scorpions
  2 hounds (D:5)
  3 iguanas
  An orc wizard (D:4)
  2 mummies
  4 gnolls (D:4)
  4 adders
  A shadow imp (D:5)
  2 worms (D:3)
  A dart slug (D:1)
  16 orcs
  4 ball pythons
  8 endoplasms
  2 giant cockroaches
  6 gnoll zombies (Ossuary)
  10 goblins
  7 hobgoblins
  8 jackals
  5 quokkas
  7 bats
  3 bat simulacra (Ossuary)
  A frilled lizard (D:3)
  2 goblin simulacra (Ossuary)
  2 goblin zombies (Ossuary)
  A hobgoblin zombie (Ossuary)
  9 kobolds
  4 kobold simulacra (Ossuary)
  5 kobold zombies (Ossuary)
  4 orc zombies (Ossuary)
  7 rats
  4 rat simulacra (Ossuary)
141 creatures vanquished.

Table legend:
 A = Non-vault XP
 B = Vault XP
 C = Vault XP percentage of total XP
 D = Non-vault monster count
 E = Vault monster count
 F = Vault count percentage of total count
                 A         B        C        D         E       F
            +---------+---------+-------+---------+---------+-------
      Total |     864 |     306 |  26.2 |     104 |      37 |  26.2
            +---------+---------+-------+---------+---------+-------
        D:1 |      37 |       0 |   0.0 |      20 |       0 |   0.0
        D:2 |      58 |       2 |   3.3 |      25 |       2 |   7.4
        D:3 |      34 |     136 |  80.0 |      17 |       1 |   5.6
        D:4 |     260 |      18 |   6.5 |      23 |       1 |   4.2
        D:5 |     346 |      96 |  21.7 |      17 |       1 |   5.6
        D:6 |     129 |       0 |   0.0 |       2 |       0 |   0.0
    Ossuary |       0 |      54 | 100.0 |       0 |      32 | 100.0
            +---------+---------+-------+---------+---------+-------

Illustrated notes

Table legend:
 A = Kills in this place as a percentage of kills in entire the game.
 B = Kills by you in this place as a percentage of kills by you in the entire game.
 C = Kills by friends in this place as a percentage of kills by friends in the entire game.
 D = Other kills in this place as a percentage of other kills in the entire game.
 E = Experience gained in this place as a percentage of experience gained in the entire game.
 F = Experience gained in this place divided by the number of levels of this place that you have seen.
                   A       B       C       D       E      F
               +-------+-------+-------+-------+-------+----------------------
         Total | 100.0 | 100.0 |   N/A |   N/A | 100.0 | 167.1
       Dungeon |  77.3 |  77.3 |   N/A |   N/A |  95.4 | 186.0
       Ossuary |  22.7 |  22.7 |   N/A |   N/A |   4.6 |  54.0
               +-------+-------+-------+-------+-------+----------------------

Table legend: (Time is in decaauts)
 A = Elapsed time spent in this place.
 B = Non-inter-level travel time spent in this place.
 C = Inter-level travel time spent in this place.
 D = Time resting spent in this place.
 E = Time spent auto-exploring this place.
 F = Levels seen in this place.
 G = Mean time per level.
                   A        B        C        D        E       F      G
               +--------+--------+--------+--------+--------+-----+--------+
         Total |   3280 |   3145 |    135 |      0 |   1659 |   7 |  468.6 |
       Dungeon |   3062 |   2927 |    135 |      0 |   1657 |   6 |  510.3 |
       Ossuary |    217 |    217 |      0 |      0 |      2 |   1 |  217.0 |
               +--------+--------+--------+--------+--------+-----+--------+

Top non-repeatable levels by time:
     D:4: 649 daAuts
     D:5: 615 daAuts
     D:3: 612 daAuts
     D:2: 569 daAuts
     D:1: 516 daAuts
 Ossuary: 217 daAuts
     D:6: 100 daAuts
